Map: Batalha na Prancha LE

Players

IagoAbreu - Winner!

  • Race: Zerg Zerg
  • Spawn Location: 11:00

I.A. 1 (Muito Difícil)

  • Race: Terran Terran
  • Spawn Location: 1:00

VOD

Have the link to the VOD?

Description

Time

  • Played on: Jan. 3, 2018, 10:04 a.m.
  • Length: 7:08
Show
View Real Time Build Order
Export as new Build Order

IagoAbreu Zerg - Winner!

Build Orders: Pool First 

Get SALT Encoding   

  12  0:03  Drone  
  13  0:09  Drone  
  14  0:16  Overlord  
  14  0:36  Spawning Pool  
  14  0:38  Drone  
  14  0:52  Drone  
  14  0:54  Overlord  
  14  0:55  Drone  
  16  1:18  Hatchery  
  16  1:21  Drone  
  16  1:24  Zergling x2  
  17  1:31  Drone  
  18  1:39  Queen  
  20  1:41  Drone  
  21  1:49  Zergling x2  
  22  2:04  Zergling x2  
  22  2:22  Zergling x4  
  24  2:33  Drone  
  24  2:50  Zergling x4  
  26  2:53  Zergling x6  
  26  2:56  Zergling x4  
  26  2:57  Queen  
  32  3:04  Drone  
  33  3:08  Zergling x2  
  32  3:23  Zergling x6  
  35  3:29  Zergling x2  
  36  3:35  Overlord  
  36  3:38  Overlord  
  35  3:45  Zergling x2  
  35  3:46  Overlord  
  31  3:56  Extractor  
  31  4:00  Drone x2  
  31  4:01  Zergling x6  
  35  4:09  Drone  
  35  4:11  Zergling x2  
  35  4:12  Zergling x2  
  35  4:16  Zergling x2  
  35  4:17  Zergling x8  
  36  4:41  Zergling x4  
  36  4:42  Zergling x8  
  41  4:56  Zergling x4  
  39  5:03  Zergling x2  
  38  5:09  Zergling x2  
  38  5:22  Zergling x4  
  38  5:23  Zergling x12  
  45  5:30  Overlord  
  45  5:31  Overlord  
  41  6:01  Zergling x2  
  41  6:02  Zergling x12  
  41  6:03  Zergling x6  
  51  6:40  Drone x4  
  51  6:41  Drone x5  
  51  6:42  Drone x2  
Show
View Real Time Build Order
Export as new Build Order

I.A. 1 (Muito Difícil) Terran 

Build Orders:  

Get SALT Encoding   

  12  0:00  SCV  
  13  0:13  SCV  
  14  0:19  Supply Depot  
  14  0:25  SCV  
  15  0:40  SCV  
  15  0:42  Barracks  
  16  0:52  SCV  
  17  1:04  SCV  
  18  1:16  SCV  
  19  1:21  Command Center  
  19  1:31  Marine  
  20  1:36  Orbital Command  
  20  1:49  Marine  
  20  1:50  Supply Depot  
  20  1:53  Refinery  
  21  2:02  SCV  
  21  2:06  Marine  
  23  2:14  SCV, Barracks  
  23  2:23  Refinery  
  23  2:24  Marine  
  23  2:26  SCV  
  25  2:36  Supply Depot  
  25  2:38  SCV  
  25  2:42  Marine  
  27  2:50  Orbital Command  
  27  2:56  SCV  
  28  3:00  Marine  
  29  3:07  Factory  
  29  3:08  SCV  
  29  3:09  Marine  
  28  3:18  Marine  
  28  3:27  Marine  
  28  3:28  SCV  
  28  3:30  SCV  
  31  3:35  Marine  
  30  3:41  SCV  
  30  3:45  Marine  
  30  3:47  SCV  
  28  3:53  Marine  
  28  3:54  SCV  
  23  4:01  SCV  
  24  4:03  Marine  
  22  4:11  Marine  
  18  4:19  SCV  
  18  4:21  Marine  
  18  4:27  SCV  
  18  4:29  Marine  
  20  4:31  SCV  
  20  4:39  SCV  
  20  4:44  SCV  
  22  4:51  SCV  
  23  4:56  SCV  
  22  5:03  SCV  
  22  5:04  Marine  
  19  5:08  SCV  
  19  5:09  Marine  
  18  5:21  SCV  
  16  5:22  Marine  
  11  5:29  SCV  
  4  5:45  SCV  
  3  6:02  SCV  
  3  6:14  SCV  
  4  6:26  SCV  
Tags
 
Add a new tag
Caveats
  • Supply blocks, unpowered buildings, or Contaminate may cause inaccurate times.
  • Supply counts are checked every 10 seconds.